 Dungeon Crawl Stone Soup version 0.26-a0-712-ga5a9c9c9d0 (webtiles) character file.

Game seed: 1899006694474453932

1610 Gargoyl the Skirmisher (level 8, -9/67 HPs)
             Began as a Gnoll Abyssal Knight on Nov 1, 2020.
             Was a Believer of Lugonu.
             Mangled by an ogre
             ... wielding a +0 giant spiked club
              (28 damage)
             ... on level 4 of the Dungeon.
             The game lasted 00:06:03 (4723 turns).

Gargoyl the Skirmisher (Gnoll Abyssal Knight)       Turns: 4723, Time: 00:06:03

Health: -9/67      AC: 10    Str: 17    XL:     8   Next: 95%
Magic:  13/13      EV: 12    Int: 15    God:    Lugonu [**....]
Gold:   214        SH:  0    Dex: 14    Spells: 14/14 levels left

rFire    . . .     SeeInvis .   j - +0 whip (elec)
rCold    . . .     Faith    .   (no shield)
rNeg     . . .     Spirit   .   g - +2 scale mail {MR+}
rPois    +         Reflect  .   (no helmet)
rElec    .         Harm     .   i - +0 cloak
rCorr    .         Rampage  .   (no gloves)
MR       +....                  (no boots)
Stlth    +.........             (no amulet)
HPRegen  0.21/turn              c - ring of poison resistance
MPRegen  0.13/turn              (no ring)

@: no status effects
A: distributed training, fangs 1, strong nose
a: Depart the Abyss, Bend Space, Renounce Religion


You were on level 4 of the Dungeon.
You worshipped Lugonu.
Lugonu was pleased with you.
You visited 1 branch of the dungeon, and saw 4 of its levels.
You visited the Abyss 1 time.

You collected 214 gold pieces.

Inventory:

Hand Weapons
 a - a +3 hand axe
 j - a +0 whip of electrocution (weapon)
Armour
 g - a +2 scale mail of magic resistance (worn)
 i - a +0 cloak (worn)
Jewellery
 c - a ring of poison resistance (left hand)
Wands
 b - a wand of polymorph (12)
 d - a wand of paralysis (10)
Scrolls
 f - 2 scrolls of remove curse
 h - a scroll of blinking {unknown}
 m - a scroll of identify
Potions
 e - a potion of brilliance


   Skills:
 + Level 7.6 Fighting
 + Level 3.7 Short Blades
 + Level 3.7 Long Blades
 + Level 6.0 Axes
 + Level 3.7 Maces & Flails
 + Level 3.7 Polearms
 + Level 3.7 Staves
 + Level 3.7 Slings
 + Level 3.7 Bows
 + Level 3.7 Crossbows
 + Level 3.7 Throwing
 + Level 6.0 Armour
 + Level 4.5 Dodging
 + Level 3.7 Stealth
 + Level 3.7 Shields
 + Level 3.7 Unarmed Combat
 + Level 3.7 Spellcasting
 + Level 3.0 Conjurations
 + Level 3.0 Hexes
 + Level 3.0 Summonings
 + Level 3.0 Necromancy
 + Level 3.0 Translocations
 + Level 3.0 Transmutations
 + Level 3.0 Fire Magic
 + Level 3.0 Ice Magic
 + Level 3.0 Air Magic
 + Level 3.0 Earth Magic
 + Level 3.0 Poison Magic
 + Level 6.2 Invocations
 + Level 3.7 Evocations


You had 14 spell levels left.
You didn't know any spells.
Your spell library was empty.

Dungeon Overview and Level Annotations

Branches:
Dungeon (4/15)
 Temple: D:4-7

Altars:
Kikubaaqudgha
Makhleb


Innate Abilities, Weirdness & Mutations

Your experience applies equally to all skills.
You have very sharp teeth.
Your uncanny sense of smell can sniff out nearby items.


Message History

The gnoll completely misses you. The gnoll hits you but does no damage.
You hit the gnoll. Lightning courses through the gnoll!
You kill the gnoll!
Lugonu accepts your kill.
Your Axes skill increases to level 6!
Your Armour skill increases to level 6!
The gnoll hits you from afar with a +0 spear.
The gnoll closely misses you.
Items here: $ )))) [[ ††.
You closely miss the gnoll. The gnoll barely misses you.
You hit the gnoll but do no damage. Your bite misses the gnoll.
The gnoll hits you with a +0 spear.
* * * LOW HITPOINT WARNING * * *
You barely miss the gnoll. The gnoll closely misses you.
You hit the gnoll. Lightning courses through the gnoll!
You kill the gnoll!
Lugonu accepts your kill.
You hit the ogre. You bite the ogre, but do no damage.
The ogre is lightly wounded.
The ogre hits you with a +0 giant spiked club!!
You die...

##..###..#####.#########
#### #..# #......#
#########..# #.#.##.#
#≈#∩#≈#....# #.#.##.#
#≈≈_≈≈###)## #.#....#
#≈≈.≈≈#.#)# ##.###########
#.≈.≈.#.#g###..........†..
####...##..O.............###
#..##'###.#@############†#
#.....# #...# #.#
#....#####..####### #.###
#....#.....>......### #....
#....#..............# #####
######....#..............#
#..
.........................#
#.#
........†#####...........#
#.# .........# #...........#
#.#


You could see an ogre and a gnoll.

Vanquished Creatures
  Pikel (D:3)
  Grinder (D:3)
  Menkaure (D:4)
  Edmund (D:4)
  A phantom (D:4)
  A howler monkey (D:4)
  A crimson imp (D:4)
  A centaur skeleton (D:4)
  4 orc wizards
  An orc priest (D:3)
  2 gnoll shamans (D:4)
  Jessica (D:3)
  Ijyb (D:4)
  An iguana (D:4)
  A worker ant (D:4)
  11 gnolls (D:4)
  3 adders
  An adder skeleton (D:4)
  3 dart slugs (D:1)
  A worm (D:2)
  A leopard gecko (D:3)
  10 orcs
  3 giant cockroaches
  4 hobgoblins
  15 jackals (D:4)
  A quokka (D:4)
  A ball python skeleton (D:4)
  6 bats
  A frilled lizard (D:4)
  3 goblins
  6 kobolds
  9 rats
98 creatures vanquished.

Vanquished Creatures (others)
  6 plants
6 creatures vanquished.

Grand Total: 104 creatures vanquished

Notes
Turn   | Place    | Note
-------+----------+-------------------------------------------
     0 | Abyss:1  | Gargoyl the Gnoll Abyssal Knight began the quest for the
                  | Orb.
     0 | Abyss:1  | Reached XP level 1. HP: 23/23 MP: 3/3
    27 | Abyss:1  | Noticed a small abomination
    57 | D:1      | Escaped the Abyss
   345 | D:1      | Reached * piety under Lugonu
   466 | D:1      | Reached XP level 2. HP: 29/29 MP: 5/5
  1196 | D:2      | Found an ancient bone altar of Kikubaaqudgha.
  1253 | D:2      | Reached XP level 3. HP: 33/35 MP: 6/6
  1975 | D:3      | Noticed Jessica
  1981 | D:3      | Killed Jessica
  1981 | D:3      | Reached skill level 1 in Short Blades
  1981 | D:3      | Reached skill level 1 in Long Blades
  1981 | D:3      | Reached skill level 1 in Maces & Flails
  1981 | D:3      | Reached skill level 1 in Polearms
  1981 | D:3      | Reached skill level 1 in Staves
  1981 | D:3      | Reached skill level 1 in Slings
  1981 | D:3      | Reached skill level 1 in Bows
  1981 | D:3      | Reached skill level 1 in Crossbows
  1981 | D:3      | Reached skill level 1 in Throwing
  1981 | D:3      | Reached skill level 1 in Stealth
  1981 | D:3      | Reached skill level 1 in Shields
  1981 | D:3      | Reached skill level 1 in Unarmed Combat
  1981 | D:3      | Reached skill level 1 in Spellcasting
  1981 | D:3      | Reached skill level 1 in Evocations
  1981 | D:3      | Reached XP level 4. HP: 41/41 MP: 7/7
  2183 | D:3      | Reached skill level 1 in Conjurations
  2183 | D:3      | Reached skill level 1 in Hexes
  2183 | D:3      | Reached skill level 1 in Summonings
  2183 | D:3      | Reached skill level 1 in Necromancy
  2183 | D:3      | Reached skill level 1 in Translocations
  2183 | D:3      | Reached skill level 1 in Transmutations
  2183 | D:3      | Reached skill level 1 in Fire Magic
  2183 | D:3      | Reached skill level 1 in Ice Magic
  2183 | D:3      | Reached skill level 1 in Air Magic
  2183 | D:3      | Reached skill level 1 in Earth Magic
  2183 | D:3      | Reached skill level 1 in Poison Magic
  2418 | D:3      | Reached XP level 5. HP: 46/47 MP: 8/8
  2857 | D:3      | Noticed Grinder
  2866 | D:3      | Killed Grinder
  2866 | D:3      | Reached skill level 5 in Axes
  2866 | D:3      | Reached skill level 5 in Armour
  2866 | D:3      | Reached skill level 5 in Invocations
  2866 | D:3      | Reached XP level 6. HP: 27/53 MP: 9/9
  3198 | D:4      | Noticed a phantom
  3212 | D:4      | Reached ** piety under Lugonu
  3257 | D:4      | Killed a phantom
  3257 | D:4      | Reached skill level 7 in Fighting
  3257 | D:4      | Reached XP level 7. HP: 46/60 MP: 10/10
  3488 | D:4      | Found a burning altar of Makhleb.
  3573 | D:4      | Noticed Menkaure
  3578 | D:4      | Killed Menkaure
  3604 | D:4      | Noticed Pikel
  3652 | D:3      | Killed Pikel
  3652 | D:3      | Reached XP level 8. HP: 7/67 MP: 11/13
  4033 | D:4      | Noticed Edmund
  4056 | D:4      | Killed Edmund
  4348 | D:4      | Noticed Ijyb
  4351 | D:4      | Paralysed by Ijyb for 6 turns
  4364 | D:4      | Killed Ijyb
  4723 | D:4      | Mangled by an ogre

Illustrated notes

Levels and vault maps discovered:
D:1:      elethiomel_arrival_quiet, layout_basic,
          chequers_serial_rivers_micro_e, serial_bayou_lagoon_b
D:2:      layout_basic, kiku_gazebo_pond_becter
D:3:      layout_loops_ring, uniq_grinder, uniq_jessica
D:4:      lemuel_castle_with_subvaults [lemuel_castle_interior_carwin_2],
          layout_basic, makhleb_grotto_becter, uniq_ijyb, uniq_edmund,
          uniq_menkaure, uniq_pikel

Skill      XL: |  1  2  3  4  5  6  7  8 |
---------------+-------------------------+-----
Short Blades   | 1 2 3 |  3.7
Long Blades    | 1 2 3 |  3.7
Maces & Flails | 1 2 3 |  3.7
Polearms       | 1 2 3 |  3.7
Staves         | 1 2 3 |  3.7
Slings         | 1 2 3 |  3.7
Bows           | 1 2 3 |  3.7
Crossbows      | 1 2 3 |  3.7
Throwing       | 1 2 3 |  3.7
Stealth        | 1 2 3 |  3.7
Shields        | 1 2 3 |  3.7
Unarmed Combat | 1 2 3 |  3.7
Spellcasting   | 1 2 3 |  3.7
Evocations     | 1 2 3 |  3.7
Conjurations   | 1 2 3 |  3.0
Hexes          | 1 2 3 |  3.0
Summonings     | 1 2 3 |  3.0
Necromancy     | 1 2 3 |  3.0
Translocations | 1 2 3 |  3.0
Transmutations | 1 2 3 |  3.0
Fire Magic     | 1 2 3 |  3.0
Ice Magic      | 1 2 3 |  3.0
Air Magic      | 1 2 3 |  3.0
Earth Magic    | 1 2 3 |  3.0
Poison Magic   | 1 2 3 |  3.0
Dodging        | 3 4 |  4.5
Axes           | 5 6 |  6.0
Armour         | 5 6 |  6.0
Invocations    | 5 6 |  6.2
Fighting       | 7 |  7.6

Action                   |  1- 3 |  4- 6 |  7- 9 || total
-------------------------+-------+-------+-------++-------
Melee: Hand axe          |    84 |    27 |       ||   111
       Bite              |     5 |    14 |    29 ||    48
       Whip              |       |    82 |   206 ||   288
       Punch             |       |     1 |     5 ||     6
Invok: Depart the Abyss  |     1 |       |       ||     1
       Bend Space        |       |       |     1 ||     1
  Use: Scroll            |     7 |     3 |       ||    10
       Potion            |       |       |     5 ||     5
 Stab: Sleeping          |     2 |     3 |       ||     5
Armor: Leather armour    |    25 |     8 |       ||    33
       Chain mail        |       |    37 |    76 ||   113
       Scale mail        |       |       |    32 ||    32
Dodge: Dodged            |    71 |    51 |   112 ||   234

Table legend: (Time is in decaauts)
 A = Elapsed time spent in this place.
 B = Non-inter-level travel time spent in this place.
 C = Inter-level travel time spent in this place.
 D = Time resting spent in this place.
 E = Time spent auto-exploring this place.
 F = Levels seen in this place.
 G = Mean time per level.
                   A        B        C        D        E       F      G
               +--------+--------+--------+--------+--------+-----+--------+
         Total |   4776 |   4638 |    138 |    583 |   3022 |   5 |  955.2 |
       Dungeon |   4720 |   4582 |    138 |    583 |   2996 |   4 | 1180.0 |
         Abyss |     56 |     56 |      0 |      0 |     26 |   1 |   56.0 |
               +--------+--------+--------+--------+--------+-----+--------+

Top non-repeatable levels by time:
     D:3: 1480 daAuts
     D:4: 1310 daAuts
     D:1: 1099 daAuts
     D:2: 830 daAuts
 Abyss:1: 56 daAuts
